 Dungeon Crawl Stone Soup version 0.26-a0-757-g626ac9e51a (webtiles) character file.

Game seed: 506960072858222704

12 miscthings the Sneak (level 2, -3/27 HPs)
             Began as a Palentonga Delver on Nov 8, 2020.
             Slain by an adder (5 damage)
             ... on level 6 of the Dungeon.
             The game lasted 00:00:44 (242 turns).

miscthings the Sneak (Palentonga Delver)             Turns: 242, Time: 00:00:45

Health: -3/27      AC:  4    Str: 15    XL:     2   Next: 20%
Magic:  2/2        EV:  9    Int: 10    God:
Gold:   0          SH:  0    Dex: 11    Spells: 1/1 levels left

rFire    . . .     SeeInvis +   a - +0 hand axe
rCold    . . .     Faith    .   (no shield)
rNeg     . . .     Spirit   .   b - +0 leather armour
rPois    .         Reflect  .   (no helmet)
rElec    .         Harm     .   (no cloak)
rCorr    .         Rampage  .   (no gloves)
MR       .....                  (no barding)
Stlth    ++........             (no amulet)
HPRegen  0.09/turn              (no ring)
MPRegen  0.08/turn              (no ring)

@: lethally poisoned (-3 -> -11)
A: large, rugged brown scales 3, see invisible, deformed body, roll, armoured
tail
a: Rolling Charge


You were on level 6 of the Dungeon.
You visited 1 branch of the dungeon, and saw 2 of its levels.

Inventory:

Hand Weapons
 a - a +0 hand axe (weapon)
Armour
 b - a +0 leather armour (worn)
Wands
 g - a wand of digging (3)
Scrolls
 c - a scroll of fog
 d - a scroll of magic mapping
 e - a scroll of fear
Potions
 f - a potion of haste


   Skills:
 - Level 3.0 Fighting
 + Level 2.9 Axes
 - Level 1.5 Dodging
 - Level 3.3 Stealth


You had one spell level left.
You didn't know any spells.
Your spell library was empty.

Dungeon Overview and Level Annotations

Branches:
Dungeon (6/15)
 Temple: D:4-7

Altars:


Innate Abilities, Weirdness & Mutations

You are completely covered in rugged brown scales. (AC +3, +7% HP)
You have supernaturally acute eyesight. (SInv)
Armour fits poorly on your strangely shaped body.
You can roll at foes to attack.
You have a long armoured tail.


Message History

You start resting.
An adder is nearby!
You start resting.
An adder is nearby!
You closely miss the adder.
The adder hisses angrily.
The adder barely misses you. The adder completely misses you.
You barely miss the adder. The adder barely misses you.
You closely miss the adder.
The adder bites you but does no damage. x2
You closely miss the adder. The adder bites you.
* * * LOW HITPOINT WARNING * * *
You are lethally poisoned!
The adder poisons you! The adder bites you.
* * * LOW HITPOINT WARNING * * *
You are more poisoned.
The adder poisons you!
You miss the adder.
* * * LOW HITPOINT WARNING * * *
You feel sick. The adder bites you.
You die...

## ...#
#..##########.###
.###.....@.........
..#..#..S######.#:.
#......#..####.##
........).......#...
###..#.#.##<....#
####..#.##.#.#####
.............#
##....#.##.#.#
#$.....#.##.#


You could see an adder.

Vanquished Creatures
  A lemure (D:6)
  An adder (D:5)
  An orc (D:5)
  A quokka skeleton (D:5)
4 creatures vanquished.

Notes
Turn   | Place    | Note
-------+----------+-------------------------------------------
     0 | D:5      | miscthings the Palentonga Delver began the quest for the
                  | Orb.
     0 | D:5      | Reached XP level 1. HP: 20/20 MP: 1/1
     9 | D:5      | Noticed an orc priest
   168 | D:5      | Reached XP level 2. HP: 21/27 MP: 2/2
   170 | D:5      | Noticed a lemure
   170 | D:5      | Noticed a lemure
   203 | D:6      | Killed a lemure
   242 | D:6      | Slain by an adder

Illustrated notes

Levels and vault maps discovered:
D:5:      layout_rooms, serial_shops,
          nicolae_shop_temple_entry_statues_fountains, bh_walls_and_bars,
          uniq_pikel
D:6:      layout_loops_ring

Action                   || total
-------------------------++-------
Melee: Hand axe          ||    27
       Tailslap          ||     2
 Abil: Rolling Charge    ||     3
Armor: Leather armour    ||     6
Dodge: Dodged            ||    11

Table legend: (Time is in decaauts)
 A = Elapsed time spent in this place.
 B = Non-inter-level travel time spent in this place.
 C = Inter-level travel time spent in this place.
 D = Time resting spent in this place.
 E = Time spent auto-exploring this place.
 F = Levels seen in this place.
 G = Mean time per level.
                   A        B        C        D        E       F      G
               +--------+--------+--------+--------+--------+-----+--------+
         Total |    246 |    246 |      0 |    141 |      7 |   2 |  123.0 |
       Dungeon |    246 |    246 |      0 |    141 |      7 |   2 |  123.0 |
               +--------+--------+--------+--------+--------+-----+--------+

Top non-repeatable levels by time:
     D:5: 181 daAuts
     D:6: 64 daAuts
